 Dungeon Crawl Stone Soup version 0.30-a0-367-g839099abd5 (webtiles) character file.

Game seed: 10869618003155270599

353 Aramant the Trooper (level 6, 0/49 HPs)
             Began as a Human Cinder Acolyte on Nov 18, 2022.
             Was a Priest of Ignis.
             Succumbed to a killer bee's poison
             ... on level 9 of the Dungeon.
             The game lasted 00:09:08 (1187 turns).

Aramant the Trooper (Human Cinder Acolyte)          Turns: 1187, Time: 00:09:08

Health: 0/49       AC: 15    Str: 16    XL:     6   Next: 94%
Magic:  7/7        EV: 10    Int: 15    God:    Ignis [***...]
Gold:   99         SH:  0    Dex:  8    Spells: 7/7 levels left

rFire   + . .      SeeInvis .    a - -1 short sword (flame)
rCold   . . .      Faith    .    (no shield)
rNeg    . . .      Spirit   .    c - +0 ring mail
rPois   .          Reflect  .    f - +0 helmet
rElec   .          Harm     .    (no cloak)
rCorr   .          Rampage  .    (no gloves)
Will    .....                    d - +0 pair of boots
Stlth   ..........               (no amulet)
HPRegen 0.28/turn                (no ring)
MPRegen 0.10/turn                (no ring)

@: lethally poisoned (0 -> -2), fiery-armoured
A: deterioration 1
a: Renounce Religion, Fiery Armour, Foxfire Swarm, Rising Flame


You were on level 9 of the Dungeon.
You worshipped Ignis.
Ignis was most pleased with you.
You visited 1 branch of the dungeon, and saw 9 of its levels.

You collected 99 gold pieces.

Inventory:

Hand Weapons
 a - a -1 short sword of flaming (weapon)
Armour
 b - a +0 robe
 c - a +0 ring mail (worn)
 d - a +0 pair of boots (worn)
 f - a +0 helmet (worn)


   Skills:
 + Level 4.5 Fighting
 + Level 4.4 Short Blades
 + Level 3.2 Armour
 + Level 1.6 Dodging
 + Level 1.0 Spellcasting
 + Level 3.5 Fire Magic


You had 7 spell levels left.
You didn't know any spells.
Your spell library contained the following spells:

 Spells                   Type           Power      Damage    Failure   Level
 Scorch                   Fire           22%        2d6       16%         2


Dungeon Overview and Level Annotations

Branches:
Dungeon (9/15)
 Temple: D:4-7         Lair: D:8-11         Orc: D:9-12

Altars:


Innate Abilities, Weirdness & Mutations

Your body sometimes deteriorates upon taking damage.


Message History

The foxfire hits the killer bee but does no damage.
The killer bee is almost dead.
The foxfire hits the killer bee.
You kill the killer bee!
The killer bee barely misses you. The killer bee stings you!
* * * LOW HITPOINT WARNING * * *
You climb downwards.
* * * LOW HITPOINT WARNING * * *
You feel sick.
Found a dagger.
There is a stone staircase leading up here.
A protective cloak of flame settles atop you.
* * * LOW HITPOINT WARNING * * *
You feel sick.
The killer bee stings you but does no damage.
The killer bee is burned by your cloak of flames.
The killer bee is moderately wounded.
The killer bee closely misses you.
Activating: Foxfire Swarm
Press: ? - help, Dir - look around, f - activate Flames leap up around you!
* * * LOW HITPOINT WARNING * * *
You feel sick.
The killer bee stings you but does no damage.
The killer bee is burned by your cloak of flames.
The killer bee is heavily wounded.
The killer bee closely misses you.
You hit the killer bee. You burn the killer bee.
The killer bee is severely wounded.
* * * LOW HITPOINT WARNING * * *
You feel sick.
The foxfire hits the killer bee.
You kill the killer bee!
Your Armour skill increases to level 3!
There is a lethal amount of poison in your body!
* * * LOW HITPOINT WARNING * * *
You feel sick.
* * * LOW HITPOINT WARNING * * *
You feel sick.
Your foxfire dissipates! x2
You die...

#. #. #
#§######
.#......#
.).....#
#####.....#
....§.....#
#.....#
##@#.##
#.#<# ..###
.... #####


There were no monsters in sight!

Vanquished Creatures
  A black bear (D:6)
  3 killer bees
  A hound (D:4)
  An orc wizard (D:7)
  3 gnolls (D:3)
  2 adders
  3 orcs
  2 endoplasms
  2 goblins (D:1)
  4 hobgoblins
  3 jackals (D:1)
  A quokka (D:1)
  A ball python (D:1)
  2 frilled lizards
  5 kobolds
  A rat (D:3)
35 creatures vanquished.

Vanquished Creatures (others)
  20 foxfires
20 creatures vanquished.

Grand Total: 55 creatures vanquished

Notes
Turn   | Place    | Note
-------+----------+-------------------------------------------
     0 | D:1      | Aramant the Human Cinder Acolyte began the quest for the
                  | Orb.
     0 | D:1      | Reached XP level 1. HP: 18/18 MP: 2/2
   191 | D:1      | Reached XP level 2. HP: 22/24 MP: 3/3
   300 | D:2      | Reached XP level 3. HP: 24/29 MP: 4/4
   374 | D:2      | Gained mutation: Your body sometimes deteriorates upon
                  | taking damage. [potion of mutation]
   591 | D:3      | Reached XP level 4. HP: 28/35 MP: 5/5
   653 | D:4      | Reached skill level 1 in Armour
   653 | D:4      | Reached skill level 1 in Dodging
   677 | D:5      | Entered Level 5 of the Dungeon
   679 | D:5      | Noticed an ogre
   763 | D:4      | Reached XP level 5. HP: 17/42 MP: 6/6
   889 | D:6      | Noticed a black bear
   908 | D:6      | Killed a black bear
   909 | D:6      | Reached XP level 6. HP: 21/48 MP: 7/7
  1184 | D:9      | HP: 2/49 [poisoned by a killer bee]
  1187 | D:9      | Succumbed to a killer bee's poison

Illustrated notes

Levels and vault maps discovered:
D:1:      amcnicky_arrival_double_pillar, layout_rooms, serial_park_tiny_pond,
          grunt_decor_clamped
D:2:      layout_loops_ring
D:3:      layout_rooms, nicolae_hepliaklqana_hippocampus,
          gammafunk_temple_overflow_statue, uniq_robin
D:4:      layout_cave_pools, nicolae_uskayaw_suspiria,
          lemuel_coloured_pillars_altar, lemuel_tele_altar,
          kennysheep_cluttered_room
D:5:      layout_rooms, cheibrodos_worm_habitat
D:6:      layout_loops_ring, mainiacjoe_overflow_alcove_1, uniq_pikel
D:7:      layout_basic, nicolae_ru_awakened_eye,
          lemuel_zombie_altar_kikubaaqudgha,
          minmay_temple_entry_drinking_statues, minmay_starry_boxes
D:8:      layout_gridville, uniq_maurice, uniq_prince_ribbit1
D:9:      layout_basic, due_lair_maze_entry_diamond

Skill      XL: |  1  2  3  4  5  6 |
---------------+-------------------+-----
Armour         | 1 3 |  3.2
Dodging        | 1 |  1.6
Short Blades   | 4 |  4.4
Fighting       | 4 |  4.5
Spellcasting   | |  1.0
Fire Magic     | |  3.5

Action                   |  1- 3 |  4- 6 || total
-------------------------+-------+-------++-------
Melee: Short sword       |   131 |   117 ||   248
       Punch             |     1 |     1 ||     2
Invok: Fiery Armour      |     2 |     2 ||     4
       Foxfire Swarm     |       |     2 ||     2
Evoke: Wand              |       |     3 ||     3
  Use: Potion            |     3 |       ||     3
Armor: Ring mail         |    52 |    66 ||   118
       Robe              |     4 |       ||     4
Dodge: Dodged            |    77 |    53 ||   130

Table legend: (Time is in decaauts)
 A = Elapsed time spent in this place.
 B = Non-inter-level travel time spent in this place.
 C = Inter-level travel time spent in this place.
 D = Time resting spent in this place.
 E = Time spent auto-exploring this place.
 F = Levels seen in this place.
 G = Mean time per level.
                   A        B        C        D        E       F      G
               +--------+--------+--------+--------+--------+-----+--------+
         Total |   1138 |   1138 |      0 |    397 |    263 |   9 |  126.4 |
       Dungeon |   1138 |   1138 |      0 |    397 |    263 |   9 |  126.4 |
               +--------+--------+--------+--------+--------+-----+--------+

Top non-repeatable levels by time:
     D:1: 271 daAuts
     D:2: 226 daAuts
     D:4: 214 daAuts
     D:7: 150 daAuts
     D:6: 121 daAuts
     D:3: 116 daAuts
     D:5: 23 daAuts
     D:8: 9 daAuts
     D:9: 5 daAuts
